 Dungeon Crawl Stone Soup version 0.18.1-8-gdd0e5ea (webtiles) character file.

1903 Arantyr the Gusty (level 8, -5/48 HPs)
             Began as a High Elf Air Elementalist on May 28, 2016.
             Slain by a hill giant
             ... wielding a +0 giant club
              (15 damage)
             ... on level 6 of the Dungeon on May 30, 2016.
             The game lasted 01:17:31 (6304 turns).

Arantyr the Gusty (High Elf Air Elementalist)       Turns: 6304, Time: 01:17:32

Health: -5/48      AC:  6    Str:  7    XL:     8   Next: 94%
Magic:  6/20       EV: 10    Int: 26    God:
Gold:   35         SH:  0    Dex: 19    Spells: 4 memorised, 12 levels left

rFire  . . .     SeeInvis .     C - +0 shortbow
rCold  . . .     Gourm    .     a - +0 robe
rNeg   . . .     Faith    .     (shield currently unavailable)
rPois  .         Spirit   .     (no helmet)
rElec  .         Dismiss  .     q - +0 cloak
rCorr  .         Reflect  .     z - +2 pair of gloves
SustAt .         Harm     .     (no boots)
MR     .....                    (no amulet)
Stlth  ++........               (no ring)
                                l - +3 ring of dexterity

@: brilliant, swift, repel missiles, very quick, not resistant to hostile
enchantments, unstealthy
A: no striking features
a: no special abilities


You were on level 6 of the Dungeon.
You were hungry.

You visited 1 branch of the dungeon, and saw 6 of its levels.

You collected 266 gold pieces.
You spent 231 gold pieces at shops.

Inventory:

Hand Weapons
 k - a +0 short sword of venom
 p - a +2 quarterstaff of chaos
 C - a +0 shortbow (weapon)
 E - a +1 whip of flaming
Missiles
 e - 6 exploding tomahawks
 i - 112 arrows (quivered)
 v - 14 tomahawks
Armour
 a - a +0 robe (worn)
 d - a +0 robe
 q - a +0 cloak (worn)
 z - a +2 pair of gloves (worn)
 F - a +0 animal skin
Jewellery
 l - a +3 ring of dexterity (left hand)
Wands
 D - a wand of teleportation (3/9)
Scrolls
 g - a scroll of immolation {unknown}
 j - 2 scrolls of magic mapping
 m - a scroll of remove curse
 t - 5 scrolls of identify {unknown}
 u - 2 scrolls of recharging {unknown}
 y - a scroll of blinking {unknown}
 A - a scroll of fear
 B - a scroll of random uselessness {unknown}
Potions
 h - a potion of heal wounds {unknown}
 n - 2 potions of cancellation {unknown}
 o - a potion of ambrosia {unknown}
 r - 2 potions of might {unknown}
 s - 3 potions of brilliance
 w - a potion of flight {unknown}
 x - a potion of resistance {unknown}
Books
 b - a book of Air

   Spells                             Type                      Level
   a - Shock                          Conjuration/Air              1
   b - Swiftness                      Charms/Air                   2
   c - Repel Missiles                 Charms/Air                   2
   d - Static Discharge               Conjuration/Air              3
   e - Lightning Bolt                 Conjuration/Air              5
Comestibles
 c - 4 bread rations
 f - a slice of pizza
 G - a meat ration


   Skills:
 - Level 1.2 Fighting
 - Level 0.2 Short Blades
 * Level 3.1 Bows
 + Level 4.4 Dodging
 - Level 2.5 Stealth
 + Level 7.6 Spellcasting
 + Level 6.0 Conjurations
 + Level 1.2 Charms
 + Level 7.8 Air Magic


You had 12 spell levels left.
You knew the following spells:

 Your Spells              Type           Power        Failure   Level  Hunger
a - Shock                 Conj/Air       ####         1%          1    None
b - Swiftness             Chrm/Air       #####...     1%          2    None
c - Repel Missiles        Chrm/Air       #####.       1%          2    None
d - Lightning Bolt        Conj/Air       ######....   1%          5    #####..


Dungeon Overview and Level Annotations

Branches:
Dungeon (6/15)
 Temple: D:4-7

Altars:
Dithmenos
Fedhas
Gozag
Makhleb
Okawaru
Vehumet
Yredelemnul
The Shining One

Shops:
D:5 }


Message History

Casting: Swiftness
Confirm with . or Enter, or press ? or * to list all spells.
Aiming: Shock
Press: ? - help, Shift-Dir - straight line, f/p - hill giant
Aim: a hill giant, wielding a giant club (lightly wounded)
The zap hits the hill giant.
The hill giant is moderately wounded.
You hear a distant slurping noise.
Casting: Shock
Confirm with . or Enter, or press ? or * to list all spells.
Aiming: Shock
Press: ? - help, Shift-Dir - straight line, f/p - hill giant
Aim: a hill giant, wielding a giant club (moderately wounded)
The zap hits the hill giant.
The hill giant is moderately wounded.
The zap hits the hill giant.
The hill giant is moderately wounded.
There is a stone staircase leading down here.
The hill giant hits you with a giant club!
You die...

#.# ######### #.#
#.......# #.#
#.#####.#### ### #.#
#.##.##.##.###.####..
#.#.......#.#......††
#........#.#.#.#...#.
#.......#.#.#.#...###
#...@...##.###.#...#.
###.C.#######........
#..## #.##...#.
####.#########.##..###
#..............###..#.
#.##.##........###....
#.##.##...............
#.##..#.....>...####..
#.###.#.......#.####..


You could see a hill giant.

Vanquished Creatures
  Pikel (D:5)
  The ghost of Nimbul the Charlatan, an amateur KoAr (D:4)
  3 slaves (D:5)
  2 ogres (D:4)
  3 centaurs
  A giant frog (D:5)
  2 scorpions (D:5)
  2 howler monkeys (D:4)
  A crimson imp (D:5)
  5 orc priests
  Crazy Yiuf (D:2)
  2 hounds
  A centaur skeleton (D:4)
  4 orc wizards
  A giant frog skeleton (D:5)
  An iguana (D:5)
  3 worker ants
  7 adders
  A shadow imp (D:5)
  An adder skeleton (D:4)
  2 worms
  3 dart slugs
  4 giant geckos
  13 orcs
  4 bats
  5 giant cockroaches
  6 goblins
  10 hobgoblins
  10 jackals
  6 kobolds
  6 quokkas
  2 ball pythons
  A giant gecko zombie (D:5)
  4 giant newts
  7 rats
  A spectral orc (D:2)
127 creatures vanquished.

Vanquished Creatures (others)
  A centaur (D:5)
  An adder (D:5)
2 creatures vanquished.

Grand Total: 129 creatures vanquished

Notes
Turn   | Place    | Note
--------------------------------------------------------------
     0 | D:1      | Arantyr the High Elf Air Elementalist began the quest for the Orb.
     0 | D:1      | Reached XP level 1. HP: 11/11 MP: 4/4
   446 | D:1      | Reached XP level 2. HP: 17/17 MP: 3/6
   478 | D:1      | Learned a level 2 spell: Swiftness
   481 | D:1      | Learned a level 2 spell: Repel Missiles
  1458 | D:2      | Reached XP level 3. HP: 21/21 MP: 5/8
  1808 | D:2      | Noticed Crazy Yiuf
  1836 | D:2      | Killed Crazy Yiuf
  1933 | D:2      | Reached XP level 4. HP: 27/27 MP: 7/10
  1937 | D:2      | Found an opulent altar of Gozag.
  2036 | D:2      | Found a basalt altar of Yredelemnul.
  2131 | D:2      | Found a blossoming altar of Fedhas.
  2481 | D:3      | Reached XP level 5. HP: 28/32 MP: 6/12
  2508 | D:3      | Reached skill level 5 in Air Magic
  2640 | D:3      | Learned a level 5 spell: Lightning Bolt
  2682 | D:3      | Found a shadowy altar of Dithmenos.
  2959 | D:3      | Found a glowing golden altar of the Shining One.
  3023 | D:4      | Reached XP level 6. HP: 37/37 MP: 10/14
  3325 | D:4      | Found an iron altar of Okawaru.
  3366 | D:4      | Noticed Nimbul's ghost (amateur KoAr)
  3415 | D:4      | Killed Nimbul's ghost
  3415 | D:4      | Reached skill level 5 in Spellcasting
  3638 | D:4      | Reached XP level 7. HP: 42/42 MP: 8/15
  4084 | D:5      | Entered Level 5 of the Dungeon
  4136 | D:4      | Reached skill level 1 in Fighting
  4862 | D:5      | Reached skill level 1 in Bows
  4862 | D:5      | Reached XP level 8. HP: 43/48 MP: 14/18
  4883 | D:5      | Found Sudem's Gadget Boutique.
  4887 | D:5      | Bought a wand of teleportation (3/9) for 231 gold pieces
  4978 | D:5      | Reached skill level 1 in Charms
  5087 | D:5      | Noticed Pikel
  5128 | D:5      | Reached skill level 5 in Conjurations
  5129 | D:5      | Killed Pikel
  5838 | D:5      | Found a burning altar of Makhleb.
  6133 | D:6      | Found a radiant altar of Vehumet.
  6257 | D:6      | Noticed a hill giant
  6304 | D:6      | Slain by a hill giant

Skill      XL: |  1  2  3  4  5  6  7  8 |
---------------+-------------------------+-----
Air Magic      | 4 5 6 7 |  7.8
Spellcasting   | 3 4 5 6 7 |  7.6
Conjurations   | 2 4 6 |  6.0
Dodging        | 3 4 |  4.4
Fighting       | 1 |  1.2
Bows           | 1 3 |  3.1
Charms         | 1 |  1.2
Short Blades   | |  0.2
Stealth        | |  2.5

Action                   |  1- 3 |  4- 6 |  7- 9 || total
-------------------------+-------+-------+-------++-------
Melee: Unarmed           |    16 |       |       ||    16
       Dagger            |     2 |       |       ||     2
       Short sword       |       |     7 |    12 ||    19
       Mace              |       |       |     4 ||     4
 Fire: Shortbow          |       |       |    13 ||    13
 Cast: Shock             |    62 |   126 |   175 ||   363
       Swiftness         |     4 |     2 |     6 ||    12
       Repel Missiles    |     1 |       |     2 ||     3
  Use: Scroll            |       |     1 |     2 ||     3
       Potion            |       |       |     1 ||     1
  Eat: Royal jelly       |     1 |       |       ||     1
       Bread ration      |     1 |     1 |       ||     2
       Meat ration       |       |       |     1 ||     1
Armor: Robe              |     3 |     9 |    20 ||    32
Dodge: Dodged            |    24 |    27 |    74 ||   125
       Deflected         |       |       |     7 ||     7
